 Dungeon Crawl Stone Soup version 0.26-a0-259-g1effd001a9 (webtiles) character file.

Game seed: 16738039379880109626

68483 tilp the Unseen (level 14, -15/74 HPs)
             Began as a Spriggan Enchanter on July 28, 2020.
             Was the Champion of Dithmenos.
             Killed from afar by Frances (42 damage)
             ... with a shard of ice
             ... on level 12 of the Dungeon.
             The game lasted 00:48:54 (23853 turns).

tilp the Unseen (Spriggan Enchanter)               Turns: 23853, Time: 00:48:54

Health: -15/74     AC:  8    Str:  4    XL:     14   Next: 86%
Magic:  19/27      EV: 34    Int: 21    God:    Dithmenos [******]
Gold:   1685       SH:  7    Dex: 17    Spells: 7/29 levels left

rFire    . . .     SeeInvis +   a - +6 dagger (freeze)
rCold    . . .     Faith    .   s - +0 buckler
rNeg     . . .     Spirit   .   X - +0 steam dragon scales
rPois    .         Reflect  .   (helmet restricted)
rElec    .         Harm     .   g - +2 cloak
rCorr    .                      (gloves unavailable)
MR       +++..                  (boots unavailable)
Stlth    ++++++++++             B - amulet of regeneration
HPRegen  0.62/turn              J - +4 ring of evasion
MPRegen  0.20/turn              H - ring of protection from magic

@: wreathed by umbra, very quick
A: very small, unfitting armour, see invisible, herbivore, speed 3, slow
metabolism 2
a: Shadow Step, Shadow Form, Renounce Religion


You were on level 12 of the Dungeon.
You worshipped Dithmenos.
Dithmenos was exalted by your worship.
You were not hungry.

You visited 3 branches of the dungeon, and saw 20 of its levels.
You also visited: Ossuary.

You collected 1685 gold pieces.

Inventory:

Hand Weapons
 a - a +6 dagger of freezing (weapon)
 I - a +2 dagger of flaming
Missiles
 e - 9 curare-tipped darts
 f - 4 throwing nets {!f}
 n - 120 poisoned darts (quivered)
 y - 5 datura-tipped darts
Armour
 g - a +2 cloak (worn)
 s - a +0 buckler (worn)
 X - +0 steam dragon scales (worn)
Jewellery
 t - an uncursed ring of ice
 x - an uncursed ring of poison resistance
 B - an amulet of regeneration (around neck)
 H - a ring of protection from magic (right hand)
 J - a +4 ring of evasion (left hand)
 O - an uncursed amulet of reflection
 U - an uncursed ring of positive energy
Wands
 h - a wand of flame (87)
 q - a wand of polymorph (12)
 r - a wand of iceblast (8)
 w - a wand of clouds (1)
 C - a wand of digging (6)
 F - a wand of paralysis (2)
Scrolls
 b - a scroll of magic mapping
 d - 2 scrolls of teleportation
 j - 2 scrolls of blinking
 k - 4 scrolls of fear
 v - 10 scrolls of remove curse
 z - 4 scrolls of identify
 G - 3 scrolls of amnesia
 M - a scroll of summoning
 P - a scroll of enchant armour
 Q - a scroll of brand weapon
 W - 2 scrolls of fog
Potions
 i - 3 potions of heal wounds
 l - 4 potions of stabbing
 m - a potion of resistance
 p - 5 potions of mutation
 u - 4 potions of flight
 A - 3 potions of brilliance
 D - 7 potions of curing
 E - 3 potions of magic
 K - 2 potions of invisibility
 L - 2 potions of cancellation
 T - a potion of haste
Miscellaneous
 o - a tin of tremorstones (inert)
 N - a phial of floods
 S - a tin of tremorstones (inert)
Comestibles
 c - 84 rations


   Skills:
 + Level 8.5 Fighting
 - Level 10.0 Short Blades
 - Level 15.0 Dodging
 + Level 17.7 Stealth
 - Level 4.0 Shields
 - Level 8.0 Spellcasting
 - Level 4.0 Conjurations
 - Level 12.0 Hexes
 - Level 6.0 Invocations
 - Level 10.0 Evocations


You had 7 spell levels left.
You knew the following spells:

 Your Spells              Type           Power        Failure   Level
a - Corona                Hex            ######.      1%          1
b - Ensorcelled Hibernat  Hex/Ice        ####..       1%          2
c - Confusing Touch       Hex            ######..     1%          3
d - Tukima's Dance        Hex            ######..     1%          3
e - Dazzling Flash        Conj/Hex       #####.       1%          3
f - Slow                  Hex            ######..     1%          2
g - Magic Dart            Conj           ####         1%          1
h - Blink                 Tloc           N/A          14%         2
i - Call Imp              Summ           #.......     14%         2
j - Mephitic Cloud        Conj/Pois/Air  ##......     17%         3

Your spell library contained the following spells:

 Spells                   Type           Power        Failure   Level
 Inner Flame              Hex/Fire       ####....     2%          3
 Foxfire                  Conj/Fire      ###.         4%          1
 Sting                    Tmut/Pois      #...         10%         1
 Conjure Flame            Conj/Fire      ###.....     13%         3
 Poisonous Vapours        Pois/Air       #.....       14%         2
 Ignite Poison            Fire/Tmut/Pois #.......     28%         3
 Sticky Flame             Conj/Fire      ###.....     38%         4
 Olgreb's Toxic Radiance  Pois           #.......     67%         4
 Fireball                 Conj/Fire      ###.......   75%         5
 Ring of Flames           Chrm/Fire      #.........   100%        7


Dungeon Overview and Level Annotations

Branches:
Dungeon (13/15)            Temple (1/1) D:4            Lair (6/6) D:11
 Shoals (0/4) Lair:4       Spider (0/4) Lair:2        Slime (0/5) Lair:5
    Orc (0/2) D:12         Vaults (0/5) D:13        Ossuary (visited)

Altars:
Ashenzari
Cheibriados
Dithmenos
Elyvilon
Fedhas
Gozag
Hepliaklqana
Kikubaaqudgha
Makhleb
Nemelex Xobeh
Okawaru
Qazlal
Ru
Sif Muna
Trog
Uskayaw
Vehumet
Wu Jian
Xom
Yredelemnul
Zin
The Shining One
Beogh
Jiyva

Shops:
D:8 (

Annotations:
D:12 Frances
Lair:4 1 runed translucent door, Ydunniwn's ghost, journeyman MiFi
Lair:5 1 runed translucent door


Innate Abilities, Weirdness & Mutations

You are very small and have problems with some larger weapons.
You are too small for most types of armour.
You have supernaturally acute eyesight. (SInv)
You are a herbivore.
You cover ground extremely quickly.
You need to consume almost no food.


Message History

Unknown command.
Casting: Dazzling Flash (safe; 1% risk of failure)
Confirm with . or Enter, or press ? or * to list all spells.
Frances mutters in a terrible tongue.
The shard of ice misses you.
Unknown command.
You hit Frances but do no damage.
Frances is severely wounded.
Frances screams a word of power!
The iron shot hits you!!!
Ouch! That really hurt!
* * * LOW HITPOINT WARNING * * *
You emit a cloud of dark smoke.
Unknown command.
Unknown command.
You feel much better.
Frances mutters in a terrible tongue.
The shard of ice hits you!!!
Ouch! That really hurt!
You die...

######## #......# #######
#......# ......#########......#
#####.##...##........#
.[###.##.#.##..§.....############
...............§@@...'...........
######...#.##..§§....##......####
.....#####.####......##......# ##
.....#........#########......###.
.._..#........## #.......##.
.....#####.#.).# #.......##.
.....#####.#.#.########..........
##'###...#.#[#.#......#......####
8..)8###.#.#[#.#......#.........#


You could see Frances.

Vanquished Creatures
  Rupert (D:12)
  A fire dragon (Lair:6)
  3 vault guards (D:13)
  An anaconda (Lair:6)
  3 hydras
  14 death yaks
  2 two-headed ogres
  Urug (D:12)
  Sonja (D:11)
  An unseen horror (D:13)
  5 slime creatures (D:13)
  A swamp dragon (Lair:6)
  A lindwurm (Lair:6)
  A deep elf mage (D:12)
  2 ugly things
  A cyclops (D:11)
  19 elephants
  4 black mambas
  A molten gargoyle (Lair:4)
  2 gargoyles
  A centaur skeleton (D:13)
  9 cane toads
  3 rime drakes
  A demonic crawler (Lair:1)
  7 komodo dragons
  A tengu conjurer (D:11)
  9 polar bears (Lair:6)
  A troll (D:13)
  A raiju (Lair:6)
  25 blink frogs
  10 hippogriffs
  A snapping turtle (Lair:4)
  A redback (Lair:2)
  2 wyverns
  A basilisk (Lair:3)
  4 fire bats (Lair:4)
  53 yaks
  5 steam dragons
  6 wargs (Lair:6)
  4 acid dragons
  14 hell hounds (Lair:6)
  A swamp worm (Lair:1)
  4 porcupines
  12 water moccasins
  A swamp drake (Lair:6)
  2 ice beasts
  12 black bears
  An eye of draining (D:12)
  4 orc warriors
  A phantom (D:7)
  2 ogres
  7 sky beasts
  20 wolves
  3 centaurs
  6 crocodiles
  3 big kobolds
  10 bullfrogs
  A wyvern zombie (D:9)
  3 gnoll sergeants
  6 scorpions
  2 water moccasin skeletons (D:8)
  9 killer bees
  An electric eel (Lair:4)
  4 howler monkeys
  3 centaur zombies
  A quasit (D:8)
  3 bullfrog zombies
  A jelly (D:7)
  9 orc priests
  7 hounds
  3 gnoll shamans
  14 orc wizards
  2 bullfrog skeletons
  4 iguanas
  5 worker ants
  8 big kobold zombies (Ossuary)
  A hound zombie (D:8)
  A hound skeleton (D:9)
  2 mummies
  2 worker ant zombies
  A howler monkey zombie (D:9)
  24 gnolls
  13 adders
  2 howler monkey skeletons
  3 white imps
  3 ufetubi
  2 adder skeletons
  2 worms (D:3)
  2 dart slugs
  6 leopard geckos
  56 orcs
  5 spectral bats (Ossuary)
  4 giant cockroaches
  10 hobgoblins
  15 kobolds
  6 quokkas
  2 ball pythons
  5 bats
  4 bat simulacra (Ossuary)
  3 frilled lizards
  4 gnoll zombies (Ossuary)
  5 goblin simulacra (Ossuary)
  7 goblin zombies
  3 hobgoblin zombies (Ossuary)
  4 kobold simulacra (Ossuary)
  8 kobold zombies
  2 orc zombies (Ossuary)
  10 rats
  2 spectral goblins (Ossuary)
  4 spectral kobolds (Ossuary)
  3 spectral rats (Ossuary)
625 creatures vanquished.

Vanquished Creatures (others)
  2 bushes (Lair:6)
  12 fungi (Lair:6)
  18 plants
32 creatures vanquished.

Grand Total: 657 creatures vanquished

Notes
Turn   | Place    | Note
-------+----------+-------------------------------------------
     0 | D:1      | tilp the Spriggan Enchanter began the quest for the Orb.
     0 | D:1      | Reached XP level 1. HP: 9/9 MP: 5/5
   341 | D:1      | Reached XP level 2. HP: 13/13 MP: 4/6
   356 | D:1      | Learned a level 2 spell: Ensorcelled Hibernation
  1041 | D:2      | Found a faded altar of an unknown god.
  1082 | D:2      | Reached skill level 5 in Stealth
  1227 | D:2      | Found a faded altar of an unknown god.
  1227 | D:2      | Found a faded altar of an unknown god.
  1232 | D:2      | Found a stormy altar of Qazlal.
  1245 | D:2      | Found a radiant altar of Vehumet.
  1246 | D:2      | Found an opulent altar of Gozag.
  1378 | D:2      | Reached XP level 3. HP: 6/16 MP: 5/8
  1965 | D:3      | Reached skill level 1 in Shields
  1965 | D:3      | Reached XP level 4. HP: 21/21 MP: 9/9
  2103 | D:3      | Learned a level 3 spell: Confusing Touch
  2265 | D:3      | Found a bloodstained altar of Trog.
  2950 | D:3      | Reached XP level 5. HP: 24/24 MP: 4/10
  3272 | D:3      | Learned a level 3 spell: Tukima's Dance
  3339 | D:4      | Found a staircase to the Ecumenical Temple.
  3370 | Temple   | Entered the Ecumenical Temple
  3603 | D:4      | Reached skill level 6 in Stealth
  3930 | D:4      | Reached skill level 5 in Hexes
  4019 | D:4      | Reached XP level 6. HP: 28/28 MP: 11/11
  4055 | D:4      | Found an iron altar of Okawaru.
  4439 | D:5      | Entered Level 5 of the Dungeon
  4536 | D:5      | Found a blossoming altar of Fedhas.
  4587 | D:5      | Found a sparkling altar of Nemelex Xobeh.
  4860 | D:5      | Noticed a sky beast
  4875 | D:5      | Killed a sky beast
  5396 | D:6      | Reached skill level 7 in Stealth
  5396 | D:6      | Reached XP level 7. HP: 32/32 MP: 12/12
  6243 | D:7      | Reached skill level 8 in Stealth
  6290 | D:7      | Reached skill level 5 in Short Blades
  6290 | D:7      | Reached XP level 8. HP: 37/37 MP: 13/13
  6376 | D:7      | Reached skill level 1 in Fighting
  6592 | D:7      | Noticed a hippogriff
  6596 | D:7      | Killed a hippogriff
  6615 | D:7      | Reached skill level 5 in Dodging
  7245 | D:7      | Found a bloodstained altar of Trog.
  7253 | D:7      | Found an iron altar of Okawaru.
  7260 | D:7      | Found a shadowy altar of Dithmenos.
  7265 | D:7      | Found a hazy altar of Hepliaklqana.
  7276 | D:7      | Found a burning altar of Makhleb.
  7283 | D:7      | Found a shimmering blue altar of Sif Muna.
  7288 | D:7      | Found a glowing golden altar of the Shining One.
  7412 | D:7      | Became a worshipper of Dithmenos the Shadowed
  7600 | D:8      | Found a sand-covered staircase.
  7608 | D:8      | Learned a level 3 spell: Dazzling Flash
  7611 | D:8      | Learned a level 2 spell: Slow
  7612 | Ossuary  | Entered an ossuary
  7657 | Ossuary  | Reached XP level 9. HP: 44/44 MP: 16/16
  7690 | Ossuary  | Reached * piety under Dithmenos
  7757 | Ossuary  | Reached skill level 1 in Evocations
  7917 | Ossuary  | Reached ** piety under Dithmenos
  8025 | Ossuary  | Reached skill level 1 in Invocations
  8194 | D:8      | Noticed a two-headed ogre
  8306 | D:8      | Found Tuymoog's Antique Weapon Boutique.
  8568 | D:8      | Killed a two-headed ogre
  8568 | D:8      | Reached skill level 5 in Spellcasting
  8750 | D:8      | Reached *** piety under Dithmenos
  9069 | D:8      | Learned a level 1 spell: Magic Dart
  9072 | D:8      | Learned a level 2 spell: Blink
  9075 | D:8      | Learned a level 2 spell: Call Imp
  9497 | D:9      | Reached skill level 5 in Evocations
  9724 | D:9      | Reached XP level 10. HP: 21/49 MP: 8/20
  9901 | D:9      | Reached skill level 9 in Stealth
 10527 | D:10     | Entered Level 10 of the Dungeon
 10551 | D:10     | Reached **** piety under Dithmenos
 10569 | D:10     | Reached skill level 10 in Stealth
 10838 | D:10     | Reached skill level 11 in Stealth
 11615 | D:11     | Noticed Sonja
 11619 | D:11     | Killed Sonja
 11619 | D:11     | Reached skill level 12 in Stealth
 11754 | D:11     | Reached XP level 11. HP: 52/52 MP: 21/21
 11790 | D:11     | Noticed a death yak
 11790 | D:11     | Noticed a death yak
 11793 | D:11     | Noticed a death yak
 11793 | D:11     | Noticed a death yak
 11793 | D:11     | Noticed a death yak
 11793 | D:11     | Found a staircase to the Lair.
 11816 | D:11     | Killed a death yak
 11819 | D:11     | Killed a death yak
 11819 | D:11     | Killed a death yak
 11827 | D:11     | Killed a death yak
 11840 | D:11     | Killed a death yak
 11840 | D:11     | Reached skill level 5 in Invocations
 12182 | D:11     | Noticed a brown ugly thing
 12184 | D:11     | Killed a brown ugly thing
 12367 | D:12     | Noticed Urug
 12369 | D:12     | Killed Urug
 12369 | D:12     | Reached skill level 13 in Stealth
 12849 | D:12     | Noticed a deep elf mage
 12853 | D:12     | Killed a deep elf mage
 12898 | D:12     | Reached XP level 12. HP: 58/58 MP: 22/22
 12922 | D:12     | Noticed Rupert
 13028 | Lair:1   | Entered Level 1 of the Lair of Beasts
 13310 | Lair:1   | Noticed a five-headed hydra
 13315 | Lair:1   | Killed a five-headed hydra
 13315 | Lair:1   | Reached skill level 10 in Dodging
 13892 | Lair:1   | Reached skill level 5 in Fighting
 14657 | Lair:2   | Found a hole to the Spider Nest.
 14785 | Lair:2   | Reached skill level 10 in Hexes
 15283 | Lair:3   | Reached skill level 14 in Stealth
 15494 | Lair:3   | Reached skill level 10 in Short Blades
 15946 | Lair:3   | Learned a level 3 spell: Mephitic Cloud
 16131 | Lair:3   | Reached skill level 15 in Stealth
 16457 | Lair:4   | Found a runed translucent door.
 16495 | Lair:4   | Noticed Ydunniwn's ghost (journeyman MiFi)
 16648 | Lair:4   | Reached XP level 13. HP: 34/65 MP: 1/23
 16990 | Lair:4   | Reached ***** piety under Dithmenos
 17183 | Lair:4   | Found a staircase to the Shoals.
 18013 | Lair:5   | Reached skill level 15 in Dodging
 18139 | Lair:5   | Found a runed translucent door.
 18140 | Lair:5   | Found a viscous altar of Jiyva.
 18140 | Lair:5   | Noticed an acid blob
 18142 | Lair:5   | Noticed an acid blob
 18142 | Lair:5   | Noticed an acid blob
 18312 | Lair:5   | Reached skill level 1 in Conjurations
 18541 | Lair:5   | Identified the Collected Works on the Arsonist
 18633 | Lair:5   | Found a staircase to the Slime Pits.
 18633 | Lair:5   | Noticed an acid blob
 18633 | Lair:5   | Noticed an acid blob
 18708 | Lair:6   | Entered Level 6 of the Lair of Beasts
 19582 | Lair:6   | Reached skill level 10 in Evocations
 20010 | Lair:6   | Reached XP level 14. HP: 40/70 MP: 12/27
 20703 | Lair:6   | Reached skill level 16 in Stealth
 22691 | D:12     | Reached ****** piety under Dithmenos
 22736 | D:12     | Killed Rupert
 22736 | D:12     | Reached skill level 17 in Stealth
 22765 | D:12     | Found a staircase to the Orcish Mines.
 22771 | D:12     | Found a roughly hewn altar of Beogh.
 23465 | D:13     | Found a gate to the Vaults.
 23695 | D:13     | Noticed Frances
 23852 | D:12     | HP: 1/74 [Frances/iron shot (40)]
 23853 | D:12     | Killed from afar by Frances

Illustrated notes

Levels and vault maps discovered:
D:1:      roderic_octagonal_star, layout_loops_corners
D:2:      layout_loops_ring, chequers_temple_overflow_minitemple,
          chequers_ecumenical_altar_island
D:3:      layout_basic, minmay_misc_feat_tower, trog_butcher_becter
D:4:      layout_loops_ring, minmay_temple_entry_glass, okawaru_trees_1
D:5:      layout_loops_cross, fedhas_altar_1, first_ration,
          nemelex_diamond_rough_becter
D:6:      layout_basic
D:7:      layout_rooms, grunt_temple_overflow_octagram
D:8:      layout_cave_pools, nicolae_ossuary_entry_giza, serial_shops, shop
D:9:      layout_loops_ring
D:10:     layout_rooms
D:11:     layout_roguey, dpeg_lair_monsters, grunt_tengu_nest, uniq_sonja
D:12:     layout_basic, minmay_orc_entry_temple_small, uniq_rupert, uniq_urug
D:13:     layout_rooms, erik_vaults_2, uniq_frances
Temple:   minmay_temple_curvy_loop
Lair:1:   layout_regular_city, worms_lemuel
Lair:2:   layout_roguey, spider_nest_entry_webs
Lair:3:   layout_hall_layers, guppyfry_lair_drakes
Lair:4:   layout_gridlike, minmay_shoals_entry_hut,
          ebering_ghost_reflecting_pool
Lair:5:   layout_cave_shapes, slime_altar_2, serial_rivers,
          chequers_serial_rivers_large_b, chequers_serial_rivers_micro_c,
          chequers_serial_rivers_marsh, chequers_serial_rivers_micro_a,
          chequers_serial_rivers_small_b, chequers_serial_rivers_micro_a
Lair:6:   hangedman_lair_caniforms_friends, layout_loops_ring,
          guppyfry_lair_end_dragon

Skill      XL: |  1  2  3  4  5  6  7  8  9 10 11 12 13 14 |
---------------+-------------------------------------------+-----
Hexes          | 4 5 6 8 9 10 12 | 12.0
Stealth        | 5 6 7 8 12 13 15 17 | 17.7
Short Blades   | 2 3 5 8 9 10 | 10.0
Shields        | 1 2 3 4 |  4.0
Spellcasting   | 4 6 8 |  8.0
Fighting       | 3 4 6 8 |  8.5
Dodging        | 8 9 13 15 | 15.0
Evocations     | 6 8 10 | 10.0
Invocations    | 4 5 6 |  6.0
Conjurations   | 4 |  4.0

Action                   |  1- 3 |  4- 6 |  7- 9 | 10-12 | 13-15 || total
-------------------------+-------+-------+-------+-------+-------++-------
Melee: Dagger            |    69 |   125 |   635 |   432 |   582 ||  1843
Throw: Dart              |       |       |       |       |     1 ||     1
 Cast: Corona            |     3 |       |       |       |       ||     3
       Ensorcelled Hiber |     9 |    31 |    75 |   148 |   200 ||   463
       Confusing Touch   |       |     2 |    15 |    13 |    44 ||    74
       Slow              |       |       |       |     1 |       ||     1
       Dazzling Flash    |       |       |       |     9 |    20 ||    29
Invok: Shadow Step       |       |       |       |     6 |     2 ||     8
Evoke: Wand              |       |       |       |     1 |     9 ||    10
       Tin of tremorston |       |       |       |       |     4 ||     4
  Use: Potion            |     4 |       |       |     1 |     1 ||     6
       Scroll            |     2 |     5 |     9 |    13 |     5 ||    34
 Stab: Sleeping          |    24 |    29 |    61 |   119 |   129 ||   362
       Confused          |       |     1 |    12 |    13 |    46 ||    72
       Distracted        |       |     2 |     2 |     1 |     1 ||     6
       Invisible         |       |       |       |     9 |    20 ||    29
  Eat: Ration            |       |     1 |     2 |     2 |     3 ||     8
Armor: Robe              |     8 |    10 |    28 |    11 |    10 ||    67
       Steam dragon scal |       |       |       |       |    14 ||    14
Dodge: Dodged            |    51 |    67 |   393 |   322 |   516 ||  1349
Block: Buckler           |       |       |   136 |    91 |   171 ||   398

Table legend:
 A = Non-vault XP
 B = Vault XP
 C = Vault XP percentage of total XP
 D = Non-vault monster count
 E = Vault monster count
 F = Vault count percentage of total count
                 A         B        C        D         E       F
            +---------+---------+-------+---------+---------+-------
      Total |   69188 |   28646 |  29.3 |     467 |     158 |  25.3
            +---------+---------+-------+---------+---------+-------
        D:1 |      26 |       0 |   0.0 |      14 |       0 |   0.0
        D:2 |      48 |       0 |   0.0 |      13 |       0 |   0.0
        D:3 |     141 |       9 |   6.0 |      26 |       4 |  13.3
        D:4 |     226 |       0 |   0.0 |      11 |       0 |   0.0
        D:5 |     274 |       0 |   0.0 |      11 |       0 |   0.0
        D:6 |     463 |       0 |   0.0 |      13 |       0 |   0.0
        D:7 |    1317 |       0 |   0.0 |      34 |       0 |   0.0
        D:8 |    1722 |      20 |   1.1 |      28 |       3 |   9.7
        D:9 |    2690 |       0 |   0.0 |      42 |       0 |   0.0
       D:10 |    2291 |       0 |   0.0 |      36 |       0 |   0.0
       D:11 |    3815 |    5498 |  59.0 |      23 |       7 |  23.3
       D:12 |    4810 |    3948 |  45.1 |      34 |       9 |  20.9
       D:13 |    4029 |    2896 |  41.8 |      28 |       3 |   9.7
     Lair:1 |    2656 |     512 |  16.2 |      10 |       2 |  16.7
     Lair:2 |    3405 |     220 |   6.1 |      15 |       1 |   6.2
     Lair:3 |    5986 |     932 |  13.5 |      26 |       2 |   7.1
     Lair:4 |    5904 |     247 |   4.0 |      28 |       1 |   3.4
     Lair:5 |    6804 |       0 |   0.0 |      25 |       0 |   0.0
     Lair:6 |   22581 |   14072 |  38.4 |      50 |      68 |  57.6
    Ossuary |       0 |     292 | 100.0 |       0 |      58 | 100.0
            +---------+---------+-------+---------+---------+-------
